 Dungeon Crawl Stone Soup version 0.20.0-15-g7f486f2 (webtiles) character file.

47264 pib the Destroyer (level 14, 0/88 HPs)
             Began as a Deep Elf Fire Elementalist on June 12, 2017.
             Was a High Priest of Sif Muna.
             Slain by an orc warrior
             ... wielding a +0 dire flail
              (24 damage)
             ... on level 2 of the Orcish Mines on June 16, 2017.
             The game lasted 02:30:30 (27805 turns).

pib the Destroyer (Deep Elf Fire Elementalist)     Turns: 27805, Time: 02:30:31

Health: 0/88       AC: 14    Str:  5    XL:     14   Next: 7%
Magic:  16/39      EV: 18    Int: 26    God:    Sif Muna [*****.]
Gold:   1665       SH:  0    Dex: 15    Spells: 4/33 levels left

rFire    . . .     SeeInvis +   J - staff of air
rCold    . . .     Gourm    .   (no shield)
rNeg     . . .     Faith    +   a - +0 robe
rPois    .         Spirit   .   c - +2 hat
rElec    +         Reflect  .   (no cloak)
rCorr    .         Harm     .   C - +2 pair of gloves
MR       +....                  N - +2 pair of boots
Stlth    ++++......             L - amulet of faith
Regen    0.3/turn               q - ring of see invisible
MPRegen  0.3/turn               B - ring of magical power

@: no status effects
A: claws 1, icy blue scales 1, thin metallic scales 1, MP-powered wands
a: Divine Energy, Channel Magic, Forget Spell, Renounce Religion


You were on level 2 of the Orcish Mines.
You worshipped Sif Muna.
Sif Muna was extremely pleased with you.
You were hungry.

You visited 3 branches of the dungeon, and saw 18 of its levels.

You collected 1665 gold pieces.

Inventory:

Hand Weapons
 m - a +1 short sword of freezing
 H - a +2 dagger of holy wrath
Missiles
 W - 43 tomahawks (quivered)
Armour
 a - a +0 robe (worn)
 c - a +2 hat (worn)
 C - a +2 pair of gloves (worn)
 M - a +0 buckler
 N - a +2 pair of boots (worn)
 S - a +2 robe of fire resistance
Magical Staves
 I - an uncursed staff of summoning
 J - an uncursed staff of air (weapon)
Jewellery
 q - a ring of see invisible (left hand)
 x - the ring "Hoelamij" {-Tele rElec rC+ SInv}
   (You found it on level 9 of the Dungeon)

   [ring of see invisible]

   It protects you from cold.
   It insulates you from electricity.
   It lets you see invisible.
   It prevents most forms of teleportation.
 B - a ring of magical power (right hand)
 E - an uncursed ring of flight
 F - an uncursed amulet of guardian spirit {unknown}
 L - an amulet of faith (around neck)
 V - an uncursed ring of resist corrosion
Wands
 e - a wand of flame (24/48)
 n - a wand of scattershot (2/9)
 P - a wand of digging (13/24)
 Q - a wand of digging (13/24)
 R - a wand of lightning (1/15)
 U - a wand of digging (8/24)
 X - a wand of lightning (8/15)
 Y - a wand of disintegration (3/24)
 Z - a wand of iceblast (12/15)
Scrolls
 j - 6 scrolls of teleportation
 v - 2 scrolls of magic mapping
 K - 5 scrolls of remove curse
Potions
 f - 2 potions of flight {unknown}
 h - 2 potions of mutation
 k - a potion of haste
 l - a potion of magic {unknown}
 s - 4 potions of might
 t - 2 potions of brilliance {unknown}
 u - 2 potions of cancellation {unknown}
 w - 3 potions of ambrosia {unknown}
 z - 2 potions of degeneration {unknown}
 A - 2 potions of agility {unknown}
 O - 2 potions of resistance {unknown}
Books
 b - a book of Flames

   Spells                             Type                      Level
   a - Flame Tongue                   Conjuration/Fire             1
   b - Throw Flame                    Conjuration/Fire             2
   c - Conjure Flame                  Conjuration/Fire             3
   d - Inner Flame                    Hexes/Fire                   3
   e - Sticky Flame                   Conjuration/Fire             4
   f - Fireball                       Conjuration/Fire             5
 i - a book of Minor Magic

   Spells                             Type                      Level
   a - Magic Dart                     Conjuration                  1
   b - Blink                          Translocation                2
   c - Call Imp                       Summoning                    2
   d - Slow                           Hexes                        2
   e - Conjure Flame                  Conjuration/Fire             3
   f - Mephitic Cloud                 Conjuration/Poison/Air       3
 r - a Fen Folio

   Spells                             Type                      Level
   a - Corpse Rot                     Necromancy                   2
   b - Stone Arrow                    Conjuration/Earth            3
   c - Leda's Liquefaction            Hexes/Earth                  4
   d - Summon Forest                  Summoning/Translocation      5
   e - Hydra Form                     Transmutation                6
   f - Summon Hydra                   Summoning                    7
 D - Sif Muna's Grimoire of Fiery Calling
   (Sif Muna gifted it to you on level 1 of the Orcish Mines)

   Spells                             Type                      Level
   a - Bolt of Magma                  Conjuration/Fire/Earth       5
   b - Fireball                       Conjuration/Fire             5
   c - Shadow Creatures               Summoning                    6
   d - Ring of Flames                 Charms/Fire                  7
   e - Dragon's Call                  Summoning                    9
 G - Nev Heim's Guide on Venom and Bewitchment
   (Sif Muna gifted it to you on level 3 of the Lair of Beasts)

   Spells                             Type                      Level
   a - Sting                          Conjuration/Poison           1
   b - Ignite Poison                  Fire/Transmutation/Poison    3
   c - Spectral Weapon                Hexes/Charms                 3
   d - Poison Arrow                   Conjuration/Poison           6
   e - Invisibility                   Hexes                        6
Miscellaneous
 y - a box of beasts
Comestibles
 d - 4 royal jellies
 g - 40 fruits
 o - a meat ration
 T - 2 bread rations


   Skills:
 + Level 10.1 Fighting
 + Level 9.0 Dodging
 - Level 7.6 Stealth
 - Level 10.4 Spellcasting
 - Level 12.4 Conjurations
 - Level 2.8 Translocations
 - Level 12.2 Fire Magic
 - Level 2.4 Poison Magic
 - Level 8.0 Invocations
 + Level 5.0 Evocations


You had 4 spell levels left.
You knew the following spells:

 Your Spells              Type           Power        Failure   Level  Hunger
a - Flame Tongue          Conj/Fire      #####        1%          1    None
b - Conjure Flame         Conj/Fire      ######..     1%          3    None
c - Sticky Flame          Conj/Fire      ######..     1%          4    None
d - Fireball              Conj/Fire      ######....   1%          5    ####...
e - Inner Flame           Hex/Fire       #####...     1%          3    None
f - Blink                 Tloc           N/A          1%          2    None
g - Mephitic Cloud        Conj/Pois/Air  ######..     1%          3    None
h - Ignite Poison         Fire/Tmut/Pois #####...     1%          3    None
i - Bolt of Magma         Conj/Fire/Erth ######....   4%          5    ####...


Dungeon Overview and Level Annotations

Branches:
Dungeon (11/15)            Temple (0/1) D:5            Lair (5/6) D:9
 Shoals (0/4) Lair:2       Spider (0/4) Lair:3          Orc (2/2) D:10
    Elf (0/3) Orc:2
  Slime: Lair:5-6

Altars:
Elyvilon
Fedhas
Gozag
Hepliaklqana
Kikubaaqudgha
Makhleb
Sif Muna
Trog
Vehumet
Zin
The Shining One

Shops:
D:4 :   Orc:2 *?

Annotations:
D:6 exclusion: statue
D:11 Soyweiser's ghost, journeyman SpEn


Innate Abilities, Weirdness & Mutations

You have sharp fingernails.
You are partially covered in icy blue scales. (AC +2)
You are partially covered in thin metallic scales. (AC +2)
You expend magic power (3 MP) to strengthen your wands.


Message History

Aiming: Sticky Flame
Press: ? - help, Shift-Dir - straight line, f/p - orc warrior
Aim: an orc warrior, wielding a dire flail and wearing a plate armour (moderately wounded, covered in liquid flames)
The sticky flame hits the orc warrior.
The orc warrior appears unharmed.
The orc warrior is moderately wounded.
The orc warrior is covered in liquid flames!
The orc warrior burns!
The orc warrior hits you with a dire flail.
* * * LOW HITPOINT WARNING * * *
Casting: Sticky Flame
Confirm with . or Enter, or press ? or * to list all spells.
Aiming: Sticky Flame
Press: ? - help, Shift-Dir - straight line, f/p - orc warrior
Aim: an orc warrior, wielding a dire flail and wearing a plate armour (heavily wounded, covered in liquid flames)
The sticky flame hits the orc warrior.
The orc warrior is heavily wounded.
The orc warrior is covered in liquid flames!
The orc warrior burns!
The orc warrior hits you with a dire flail!!
You die...

.........................# .....
...#......#............... ...#
...........#.............###..#
....................#.#.###).# ##
..........#........#...###..# #.#
...............)......###.)###...
.............##..)...###..###.#.#
.............##o##.####..###...#.
............##/.@#####..###...#
.............#..## ##..###...##.#
.................###........##...
................###....#.).## #o
.............#.###...#.[..## #
..............###∩.#.....##
.............###.....#..##
.............# ##∩.#.....##
...)...##.#.## ##...#....## #


You could see an orc warrior (burning).

Vanquished Creatures
  Snorg (Orc:2)
  4 hydras
  Erolcha (D:11)
  2 two-headed ogres
  The ghost of NoAnimeNoLife the Basher, a novice DsFi of Qazlal (D:10)
  5 orc high priests (Orc:2)
  Sonja (D:11)
  Nergalle (Lair:1)
  2 unseen horrors
  5 orc knights
  An oklob plant (Lair:3)
  2 cyclopes
  8 orc sorcerers
  3 black mambas
  3 merfolk sirens (Lair:2)
  8 spiny frogs
  A rime drake (Lair:5)
  8 komodo dragons
  An ice devil (Orc:2)
  A merfolk (Lair:2)
  A hellwing (Orc:2)
  2 red devils (Orc:2)
  A meliai (D:10)
  5 trolls
  18 blink frogs
  4 hippogriffs
  A polar bear (Lair:4)
  Prince Ribbit (Lair:1)
  7 dream sheep
  A shadow (D:10)
  A wraith (D:7)
  A wyvern (Lair:3)
  8 yaks
  A steam dragon (D:11)
  A basilisk (Lair:2)
  A chaos spawn (Orc:2)
  A hungry ghost (D:7)
  5 wargs
  7 water moccasins
  13 porcupines
  2 sky beasts
  3 black bears
  An ice beast (D:10)
  33 orc warriors
  A necrophage (D:8)
  2 phantoms
  8 ogres
  19 wolves
  2 centaurs
  The ghost of NoAnimeNoLife the Cudgeler, an amateur GrFi (D:3)
  5 crocodiles
  A big kobold (D:10)
  An elf zombie (D:7)
  12 bullfrogs
  A wyvern zombie (D:11)
  3 scorpions
  A jelly (D:10)
  7 wights
  An electric eel (Lair:1)
  2 howler monkeys
  A crimson imp (D:10)
  3 bullfrog zombies
  A quasit (D:8)
  A centaur zombie (D:6)
  5 human zombies (D:7)
  21 orc priests
  3 hounds
  3 iguanas
  15 orc wizards
  2 human skeletons (D:7)
  A bullfrog skeleton (D:7)
  Natasha (thrice) (D:2)
  5 worker ants
  A killer bee zombie (D:8)
  An ogre zombie (D:7)
  3 hound skeletons
  A mummy (D:7)
  A howler monkey zombie (D:6)
  Robin (D:2)
  2 worker ant zombies
  10 gnolls
  13 adders
  A shadow imp (D:5)
  An ooze (D:1)
  2 adder skeletons
  3 worms
  3 dart slugs
  5 leopard geckos
  85 orcs
  2 giant cockroaches (D:3)
  7 hobgoblins
  19 jackals
  9 kobolds
  4 quokkas
  4 ball pythons
  12 bats
  7 frilled lizards
  11 goblins
  A jackal zombie (D:8)
  A leopard gecko skeleton (D:6)
  A quokka skeleton (D:8)
  9 rats
529 creatures vanquished.

Vanquished Creatures (others)
  15 fungi
  5 plants
20 creatures vanquished.

Grand Total: 549 creatures vanquished

Notes
Turn   | Place    | Note
-------+----------+-------------------------------------------
     0 | D:1      | pib the Deep Elf Fire Elementalist began the quest for the Orb.
     0 | D:1      | Reached XP level 1. HP: 10/10 MP: 6/6
   240 | D:1      | Reached XP level 2. HP: 15/15 MP: 4/8
   830 | D:1      | Reached XP level 3. HP: 19/19 MP: 4/9
  1340 | D:2      | Reached XP level 4. HP: 24/24 MP: 5/10
  1501 | D:2      | Noticed Natasha
  1531 | D:2      | Killed Natasha
  1707 | D:2      | Noticed Natasha
  1711 | D:2      | Killed Natasha
  1711 | D:2      | Reached XP level 5. HP: 28/28 MP: 8/11
  1848 | D:2      | Learned a level 3 spell: Conjure Flame
  1853 | D:2      | Learned a level 4 spell: Sticky Flame
  1864 | D:2      | Noticed Natasha
  1867 | D:2      | Killed Natasha
  1914 | D:2      | Found a bloodstained altar of Trog.
  2172 | D:2      | Noticed Robin
  2275 | D:2      | Reached skill level 5 in Fire Magic
  2371 | D:2      | Killed Robin
  2618 | D:3      | Reached skill level 5 in Conjurations
  3031 | D:3      | Found a glowing golden altar of the Shining One.
  3176 | D:3      | Noticed NoAnimeNoLife's ghost (amateur GrFi)
  3315 | D:3      | Killed NoAnimeNoLife's ghost
  3315 | D:3      | Reached XP level 6. HP: 9/32 MP: 3/13
  3755 | D:3      | Learned a level 5 spell: Fireball
  4194 | D:4      | Found Yhecem's Book Shop.
  4654 | D:4      | Found a deep blue altar of Sif Muna.
  4657 | D:4      | Became a worshipper of Sif Muna the Loreminder
  4695 | D:4      | You fall through a shaft for 2 floors!
  4752 | D:5      | Entered Level 5 of the Dungeon
  4949 | D:6      | Found a hazy altar of Hepliaklqana.
  5418 | D:5      | Found a staircase to the Ecumenical Temple.
  6050 | D:6      | Found a radiant altar of Vehumet.
  6148 | D:6      | Found a glowing golden altar of the Shining One.
  6385 | D:6      | Reached XP level 7. HP: 24/36 MP: 15/15
  6810 | D:7      | Noticed a hungry ghost
  6824 | D:6      | Reached * piety under Sif Muna
  7204 | D:7      | Reached skill level 1 in Fighting
  7227 | D:7      | Reached XP level 8. HP: 43/43 MP: 7/16
  7742 | D:7      | Reached skill level 5 in Stealth
  7922 | D:7      | Reached skill level 5 in Dodging
  8722 | D:7      | Reached ** piety under Sif Muna
  8914 | D:7      | Reached XP level 9. HP: 51/52 MP: 16/17
  9120 | D:7      | Found an ancient bone altar of Kikubaaqudgha.
  9198 | D:7      | Found an opulent altar of Gozag.
  9198 | D:7      | Found a white marble altar of Elyvilon.
  9484 | D:8      | Noticed a two-headed ogre
 10044 | D:8      | Reached skill level 1 in Invocations
 10053 | D:8      | Killed a two-headed ogre
 10053 | D:8      | Reached skill level 5 in Fighting
 10212 | D:8      | Found a burning altar of Makhleb.
 10700 | D:8      | Reached XP level 10. HP: 52/60 MP: 18/18
 10755 | D:8      | Found a glowing silver altar of Zin.
 11180 | D:9      | Reached skill level 5 in Invocations
 11679 | D:9      | Found a blossoming altar of Fedhas.
 11696 | D:9      | Got a fine pewter ring
 11698 | D:9      | Identified the ring "Hoelamij" {-Tele rElec rC+ SInv} (You found it on level 9 of the Dungeon)
 12162 | D:9      | Found a staircase to the Lair.
 12173 | Lair:1   | Entered Level 1 of the Lair of Beasts
 12268 | Lair:1   | Noticed Prince Ribbit
 12273 | Lair:1   | Noticed a spiny frog
 12275 | Lair:1   | Reached skill level 5 in Spellcasting
 12287 | Lair:1   | Killed a spiny frog
 12287 | Lair:1   | Reached *** piety under Sif Muna
 12312 | Lair:1   | Killed Prince Ribbit
 12512 | Lair:1   | Noticed a spiny frog
 12523 | Lair:1   | Killed a spiny frog
 12605 | Lair:1   | Noticed Nergalle
 12629 | Lair:1   | Killed Nergalle
 13359 | Lair:1   | Noticed a five-headed hydra
 13409 | Lair:1   | Reached XP level 11. HP: 44/64 MP: 18/22
 13525 | Lair:2   | Reached skill level 10 in Fire Magic
 13635 | Lair:2   | Reached **** piety under Sif Muna
 14103 | Lair:2   | Reached skill level 10 in Conjurations
 14604 | Lair:2   | Found a staircase to the Shoals.
 14714 | Lair:2   | Learned a level 3 spell: Inner Flame
 14777 | Lair:2   | Noticed a death yak
 14778 | Lair:2   | Noticed a death yak
 15698 | Lair:3   | Learned a level 2 spell: Blink
 15884 | Lair:3   | Noticed a six-headed hydra
 15897 | Lair:3   | Killed a six-headed hydra
 15897 | Lair:3   | Reached ***** piety under Sif Muna
 15897 | Lair:3   | Identified Nev Heim's Guide on Venom and Bewitchment (Sif Muna gifted it to you on level 3 of the Lair of Beasts)
 15897 | Lair:3   | Received a gift from Sif Muna
 15897 | Lair:3   | Reached skill level 1 in Translocations
 15897 | Lair:3   | Reached XP level 12. HP: 73/73 MP: 8/23
 15903 | Lair:3   | Learned a level 3 spell: Mephitic Cloud
 16154 | Lair:3   | Reached skill level 1 in Poison Magic
 16340 | Lair:3   | Found a hole to the Spider Nest.
 16588 | Lair:3   | Learned a level 3 spell: Ignite Poison
 17444 | Lair:4   | Noticed a five-headed hydra
 17454 | Lair:4   | Killed a five-headed hydra
 19186 | Lair:5   | Noticed a catoblepas
 19606 | Lair:4   | Noticed a seven-headed hydra
 19617 | Lair:4   | Killed a seven-headed hydra
 19932 | D:10     | Entered Level 10 of the Dungeon
 19997 | D:10     | Noticed a nine-headed hydra
 19998 | D:10     | Noticed NoAnimeNoLife's ghost (novice DsFi)
 19999 | D:10     | Noticed a two-headed ogre
 20002 | D:10     | Killed a nine-headed hydra
 20002 | D:10     | Reached XP level 13. HP: 62/80 MP: 5/25
 20599 | D:10     | Found a staircase to the Orcish Mines.
 20810 | Orc:1    | Entered Level 1 of the Orcish Mines
 20904 | Orc:1    | Identified Sif Muna's Grimoire of Fiery Calling (Sif Muna gifted it to you on level 1 of the Orcish Mines)
 20904 | Orc:1    | Received a gift from Sif Muna
 20963 | Orc:1    | Found a bloodstained altar of Trog.
 21980 | D:10     | Killed NoAnimeNoLife's ghost
 22395 | D:11     | Noticed Sonja
 22396 | D:11     | Killed Sonja
 22409 | D:11     | Noticed Erolcha
 22412 | D:11     | Killed Erolcha
 22412 | D:11     | Reached skill level 10 in Spellcasting
 22605 | D:11     | Learned a level 5 spell: Bolt of Magma
 22808 | D:11     | Noticed Soyweiser's ghost (journeyman SpEn)
 23519 | Orc:2    | Entered Level 2 of the Orcish Mines
 23521 | Orc:2    | Noticed Snorg
 23533 | Orc:2    | Killed Snorg
 23870 | Orc:2    | Found a staircase to the Elven Halls.
 24183 | Orc:2    | Reached skill level 1 in Evocations
 25280 | Orc:2    | Found Ulierer's Magic Scroll Boutique.
 25439 | Orc:2    | Found Leegg's General Store.
 25871 | Orc:2    | Received a gift from Sif Muna
 27453 | Orc:2    | Reached skill level 10 in Fighting
 27453 | Orc:2    | Reached XP level 14. HP: 71/88 MP: 28/30
 27567 | Orc:2    | Gained mutation: You have sharp fingernails. [potion of mutation]
 27567 | Orc:2    | Gained mutation: You expend magic power (3 MP) to strengthen your wands. [potion of mutation]
 27567 | Orc:2    | Gained mutation: You are partially covered in thin metallic scales. (AC +2) [potion of mutation]
 27567 | Orc:2    | Gained mutation: You are partially covered in icy blue scales. (AC +2) [potion of mutation]
 27756 | Orc:2    | Reached skill level 5 in Evocations
 27805 | Orc:2    | Slain by an orc warrior

Skill      XL: |  1  2  3  4  5  6  7  8  9 10 11 12 13 14 |
---------------+-------------------------------------------+-----
Conjurations   | 2 3 4 5 6 7 8 9 11 12 | 12.4
Fire Magic     | 4 5 6 7 8 9 11 12 | 12.2
Spellcasting   | 4 6 7 10 | 10.4
Dodging        | 3 5 7 8 9 |  9.0
Stealth        | 4 5 7 |  7.6
Fighting       | 1 3 5 6 7 9 10 | 10.1
Invocations    | 4 7 8 |  8.0
Translocations | 1 2 |  2.8
Poison Magic   | 2 |  2.4
Evocations     | 4 5 |  5.0

Action                   |  1- 3 |  4- 6 |  7- 9 | 10-12 | 13-15 || total
-------------------------+-------+-------+-------+-------+-------++-------
Melee: Unarmed           |     6 |       |       |       |       ||     6
       Short sword       |     2 |    32 |       |       |       ||    34
       Staff             |       |       |    51 |    17 |    34 ||   102
 Cast: Flame Tongue      |    77 |   171 |   241 |   252 |   195 ||   936
       Sticky Flame      |       |     5 |    32 |    96 |    68 ||   201
       Conjure Flame     |       |     1 |    33 |    22 |    10 ||    66
       Fireball          |       |       |     5 |    66 |   139 ||   210
       Inner Flame       |       |       |       |     1 |       ||     1
       Mephitic Cloud    |       |       |       |    12 |    46 ||    58
       Ignite Poison     |       |       |       |     8 |    21 ||    29
       Blink             |       |       |       |       |     2 ||     2
Invok: Channel Magic     |       |       |       |     5 |     7 ||    12
       Divine Energy     |       |       |       |     1 |     1 ||     2
       Stop Divine Energ |       |       |       |     1 |     1 ||     2
Evoke: Wand              |       |     4 |       |     2 |     7 ||    13
       Box of beasts     |       |       |       |       |     1 ||     1
  Use: Scroll            |       |    13 |     3 |     8 |     9 ||    33
       Potion            |       |       |     1 |     2 |     7 ||    10
  Eat: Chunk             |     1 |    10 |     7 |    37 |    39 ||    94
       Bread ration      |       |     1 |     2 |       |       ||     3
       Royal jelly       |       |     1 |     1 |       |       ||     2
       Meat ration       |       |       |     1 |     2 |     1 ||     4
       Fruit             |       |       |       |     8 |     4 ||    12
Armor: Robe              |    11 |    16 |    24 |    41 |    24 ||   116
Dodge: Dodged            |    29 |    33 |    53 |   143 |    98 ||   356
